AoeStats
← tom

Black Forest

510843631Analyzed
2v2 RM · 11h ago on Oct 2, 2026· 50m 4s· 4 players
Game mode
Random Map
Map size
Medium (4 player)
Population
200
Speed
Normal
Resources
Standard
Victory
Conquest
Starting age
Dark Age
Ending age
Imperial Age
RankedLock teamsTeams togetherTeam positionsShared explorationLock speedFull tech treeHidden civsTurbo modeCheats
Victory
Defeat
🇳🇴 Celts · Norway
1027
+14
🇩🇪 Khmer · Germany
1022
+15
🇱🇻 Japanese · Latvia
1000
-45
🇭🇰 Poles · Hong Kong SAR China
986
-14
cl12272003
1:28 Loom
15:32 Feudal Age
16:12 Double-Bit Axe
16:10 Horse Collar
19:21 Castle Age
17:33 Stone Mining
18:31 Gold Mining
20:35 Bow Saw
20:58 Heavy Plow
25:13 Town Watch
26:17 Wheelbarrow
26:52 Forging
26:42 Scale Mail Armor
26:09 Man-at-Arms
26:50 Squires
26:55 Long Swordsman
28:50 Hand Cart
29:17 Town Patrol
30:19 Szlachta Privileges
31:18 Chain Mail Armor
31:40 Iron Casting
32:24 Bloodlines
32:14 Husbandry
35:39 Imperial Age
34:02 Scale Barding Armor
35:25 Chain Barding Armor
38:23 Crop Rotation
37:34 Capped Ram
39:02 Plate Mail Armor
39:32 Blast Furnace
39:45 Cavalier
46:39 Fortified Wall
47:37 Onager
tom
8:18 Loom
11:36 Feudal Age
11:51 Man-at-Arms
13:55 Wheelbarrow
17:03 Scale Mail Armor
20:16 Fletching
42:03 Double-Bit Axe
42:24 Horse Collar
Hagen
6:13 Loom
13:04 Feudal Age
17:31 Castle Age
15:34 Double-Bit Axe
15:32 Horse Collar
24:37 Heavy Plow
26:40 Wheelbarrow
27:10 Gold Mining
27:18 Stone Mining
27:51 Bow Saw
29:56 Gold Shaft Mining
30:10 Stone Shaft Mining
30:47 Hand Cart
31:36 Town Watch
34:40 Imperial Age
32:33 Ballistics
33:46 Scale Barding Armor
33:52 Forging
33:32 Fletching
33:43 Padded Archer Armor
33:51 Town Patrol
34:21 Murder Holes
34:38 Fortified Wall
34:11 Pikeman
34:13 Light Cavalry
34:56 Husbandry
35:09 Bloodlines
35:48 Conscription
36:07 Hoardings
37:12 Chemistry
36:18 Siege Engineers
36:18 Elite Ballista Elephant
36:28 Elite Ballista Elephant
37:22 Double Crossbow
37:48 Hussar
39:39 Iron Casting
40:25 Crop Rotation
42:47 Blast Furnace
42:07 Chain Barding Armor
42:56 Bodkin Arrow
43:17 Leather Archer Armor
43:03 Scale Mail Armor
44:50 Elite Skirmisher
48:37 Bracer
49:07 Ring Archer Armor
49:13 Plate Barding Armor
48:54 Chain Mail Armor
ChaosP.
9:04 Loom
11:43 Feudal Age
13:36 Man-at-Arms
18:00 Castle Age
17:29 Forging
18:55 Long Swordsman
26:42 Arson
26:44 Gambesons
31:42 Pikeman
33:49 Wheelbarrow
32:57 Horse Collar
33:44 Double-Bit Axe
48:00 Husbandry
Connection lost

Rejoining the realm…

Still unreachable

The connection could not be restored.

Session expired

The server has moved on; the page needs a fresh start.